 Dungeon Crawl Stone Soup version 0.23-a0-767-gdc19b93d68 (webtiles) character file.

805 LLavrengius the Stinger (level 7, -1/43 HPs)
             Began as an Octopode Venom Mage on Jan 20, 2019.
             Slain by a centaur (10 damage)
             ... on level 6 of the Dungeon.
             The game lasted 00:18:10 (5610 turns).

LLavrengius the Stinger (Octopode Venom Mage)       Turns: 5610, Time: 00:18:10

Health: -1/43      AC:  1    Str:  7    XL:     7   Next: 91%
Magic:  13/13      EV: 13    Int: 19    God:
Gold:   299        SH:  0    Dex: 13    Spells: 5/14 levels left

rFire    . . .     SeeInvis .   p - +5 dagger (elec)
rCold    . . .     Gourm    .   (no shield)
rNeg     + . .     Faith    .   (helmet restricted)
rPois    .         Spirit   .   (no amulet)
rElec    .         Reflect  .   d - ring of positive energy
rCorr    .         Harm     .   (no ring)
MR       .....                  (no ring)
Stlth    +++.......             (no ring)
HPRegen  0.14/turn              (no ring)
MPRegen  0.13/turn              (no ring)
                                (no ring)
                                (no ring)

@: no status effects
A: almost no armour, stealthy swim, amphibious, 8 rings, constrict 8, camouflage
1, gelatinous body 1
a: no special abilities


You were on level 6 of the Dungeon.
You were not hungry.

You visited 1 branch of the dungeon, and saw 6 of its levels.

You collected 299 gold pieces.

Inventory:

Hand Weapons
 h - a +0 dagger
 m - a cursed -3 hunting sling
 p - a +5 dagger of electrocution (weapon)
Armour
 k - a +1 large shield
Jewellery
 d - a ring of positive energy (left tentacle)
Wands
 e - a wand of iceblast (7)
 n - a wand of random effects (17)
Scrolls
 a - 3 scrolls of teleportation
 j - a scroll of remove curse
 l - a scroll of blinking
 r - a scroll of enchant armour
 u - 3 scrolls of amnesia
 v - a scroll of fog
 w - a scroll of enchant weapon
Potions
 c - 2 potions of haste
 f - a potion of cancellation
 g - 2 potions of might
 i - 3 potions of flight
 q - 2 potions of curing
 s - 2 potions of degeneration
 t - a potion of agility {unknown}
Comestibles
 b - 13 rations
 o - a chunk of flesh


   Skills:
 + Level 1.2 Fighting
 + Level 4.4 Short Blades
 - Level 2.0 Dodging
 - Level 3.0 Stealth
 + Level 4.0 Spellcasting
 - Level 1.0 Conjurations
 + Level 7.7 Poison Magic


You had 5 spell levels left.
You knew the following spells:

 Your Spells              Type           Power        Failure   Level  Hunger
a - Olgreb's Toxic Radia  Pois           ####....     5%          4    ####...
b - Poisonous Vapours     Pois/Air       ###...       4%          2    ##.....
c - Mephitic Cloud        Conj/Pois/Air  ##......     12%         3    ###....

Your spell library contained the following spells:

 Spells                   Type           Power        Failure   Level  Hunger
 Sting                    Conj/Pois      ###.         2%          1    None
 Conjure Flame            Conj/Fire      #.......     32%         3    ###....
 Venom Bolt               Conj/Pois      ###.......   54%         5    ######.
 Freezing Cloud           Conj/Ice/Air   #.........   100%        6    #######
 Ring of Flames           Chrm/Fire      #.........   100%        7    #######


Dungeon Overview and Level Annotations

Branches:
Dungeon (6/15)
 Temple: D:4-7

Altars:
Ashenzari
Dithmenos
Hepliaklqana
Okawaru
Qazlal
Ru
Sif Muna
Yredelemnul


Innate Abilities, Weirdness & Mutations

You cannot wear most types of armour.
You are very stealthy in the water. (Stealth+)
You are amphibious.
You can wear up to eight rings at the same time.
You can use your tentacles to constrict eight enemies at once.
Your skin changes colour to match your surroundings (Stealth+).
Your rubbery body absorbs attacks. (AC +1, EV +1)


Message History

There is an iron altar of Okawaru here.
You open the door.
There is an open door here.
You open the door.
There is an open door here.
Found 13 bolts.
A centaur comes into view.
The centaur shouts!
The centaur wields a +0 shortbow.
The centaur shoots an arrow.
The arrow hits you!
You see here an arrow.
The centaur shoots an arrow.
The arrow hits you!!
Things that are here:
an arrow; 13 bolts You are too injured to fight recklessly!
The centaur shoots an arrow.
The arrow hits you!
* * * LOW HITPOINT WARNING * * *
You see here an arrow.
The centaur unwields a +0 shortbow.
The centaur hits you!
You die...

....>.............
...................#
...................#
...................#
...................#
###.##....####.....#
#+##....####.....#
+..............# #
#........(((@c.# #
#...........?..#
#..............# #
#######.####...# #.#
#...# ... #...# #...
#...# +... #...#


You could see a centaur.

Vanquished Creatures
  5 ogres
  A scorpion (D:4)
  2 orc wizards
  Jessica (D:2)
  An iguana (D:4)
  3 worker ants
  6 gnolls
  2 adders
  2 adder skeletons (D:5)
  3 worms (D:2)
  A dart slug (D:1)
  4 leopard geckos
  6 orcs
  5 bats
  5 giant cockroaches
  6 goblins
  5 hobgoblins
  6 jackals
  7 kobolds
  A quokka (D:6)
  A ball python (D:3)
  9 frilled lizards
  A quokka zombie (D:5)
  4 rats
87 creatures vanquished.

Notes
Turn   | Place    | Note
-------+----------+-------------------------------------------
     0 | D:1      | LLavrengius the Octopode Venom Mage began the quest for the
                  | Orb.
     0 | D:1      | Reached XP level 1. HP: 11/11 MP: 3/3
    83 | D:1      | Reached skill level 4 in Poison Magic
    86 | D:1      | Reached XP level 2. HP: 2/17 MP: 5/5
    93 | D:1      | Learned a level 2 spell: Poisonous Vapours
  1026 | D:1      | Found a shattered altar of Ashenzari.
  1560 | D:2      | Found a stormy altar of Qazlal.
  1607 | D:2      | Reached XP level 3. HP: 21/21 MP: 6/6
  1612 | D:2      | Learned a level 3 spell: Mephitic Cloud
  1908 | D:2      | Reached skill level 5 in Poison Magic
  2083 | D:2      | Noticed Jessica
  2089 | D:2      | Killed Jessica
  2089 | D:2      | Reached XP level 4. HP: 20/27 MP: 1/7
  2707 | D:3      | Found a hazy altar of Hepliaklqana.
  2843 | D:3      | Noticed a phantom
  3049 | D:3      | Reached skill level 1 in Short Blades
  3049 | D:3      | Reached XP level 5. HP: 31/31 MP: 4/9
  3056 | D:3      | Found a deep blue altar of Sif Muna.
  3308 | D:4      | Found a shadowy altar of Dithmenos.
  3371 | D:4      | Learned a level 4 spell: Olgreb's Toxic Radiance
  3410 | D:4      | Noticed a phantom
  3669 | D:4      | Noticed an ogre
  3674 | D:4      | Reached skill level 6 in Poison Magic
  3821 | D:4      | Killed an ogre
  3821 | D:4      | Reached XP level 6. HP: 36/36 MP: 4/11
  3887 | D:4      | Found a basalt altar of Yredelemnul.
  4364 | D:4      | Reached XP level 7. HP: 41/41 MP: 11/13
  4545 | D:5      | Entered Level 5 of the Dungeon
  4816 | D:5      | Reached skill level 7 in Poison Magic
  5282 | D:5      | Found a sacrificial altar of Ru.
  5463 | D:6      | Reached skill level 1 in Fighting
  5574 | D:6      | Found an iron altar of Okawaru.
  5610 | D:6      | Slain by a centaur

Vault maps used:
D:1:      ncdulo_lavacross, ashenzari_altar_1
D:2:      grunt_qazlal_clouds, first_ration, uniq_jessica
D:3:      tgw_sif, lemuel_coloured_pillars_altar
D:4:      lemuel_crystal_altar, grunt_dithmenos_smoke_and_mirrors,
          grunt_decor_clamped, minmay_parallelograms,
          hangedman_abyss_or_decor_lesser_grid, kennysheep_cross_bottleneck
D:5:      minmay_inner_zag, kennysheep_mini_moat
D:6:      kennysheep_mini, minmay_temple_entry_wispy, uniq_prince_ribbit1,
          uniq_eustachio

Skill      XL: |  1  2  3  4  5  6  7 |
---------------+----------------------+-----
Stealth        | 3 |  3.0
Poison Magic   | 4 5 6 7 |  7.7
Short Blades   | 1 2 3 4 |  4.4
Spellcasting   | 3 4 |  4.0
Fighting       | 1 |  1.2
Dodging        | |  2.0
Conjurations   | |  1.0

Action                   |  1- 3 |  4- 6 |  7- 9 || total
-------------------------+-------+-------+-------++-------
Melee: Unarmed           |    29 |       |       ||    29
       Constrict         |    17 |    12 |     4 ||    33
       Tentacles         |     8 |     4 |     6 ||    18
       Dagger            |    39 |    57 |    28 ||   124
 Cast: Sting             |     6 |     7 |       ||    13
       Poisonous Vapours |     1 |     8 |     4 ||    13
       Olgreb's Toxic Ra |       |     3 |     3 ||     6
       Mephitic Cloud    |       |     1 |       ||     1
  Use: Scroll            |       |    12 |     2 ||    14
 Stab: Sleeping          |    11 |     8 |     7 ||    26
  Eat: Chunk             |     4 |     8 |     4 ||    16
Armor: Skin              |     3 |     2 |     1 ||     6
Dodge: Dodged            |    22 |    32 |     9 ||    63

Table legend:
 A = Non-vault XP
 B = Vault XP
 C = Vault XP percentage of total XP
 D = Non-vault monster count
 E = Vault monster count
 F = Vault count percentage of total count
                 A         B        C        D         E       F
            +---------+---------+-------+---------+---------+-------
      Total |    1031 |     120 |  10.4 |      82 |       5 |   5.7
            +---------+---------+-------+---------+---------+-------
        D:1 |      32 |       0 |   0.0 |      18 |       0 |   0.0
        D:2 |      35 |      37 |  51.4 |      17 |       1 |   5.6
        D:3 |      49 |      40 |  44.9 |      18 |       1 |   5.3
        D:4 |     431 |       0 |   0.0 |      12 |       0 |   0.0
        D:5 |     314 |      43 |  12.0 |      12 |       3 |  20.0
        D:6 |     170 |       0 |   0.0 |       5 |       0 |   0.0
            +---------+---------+-------+---------+---------+-------
